 Dungeon Crawl Stone Soup version 0.27.0-1-g7a089689b8 (webtiles) character file.

Game seed: 10760433026477779811

240 horus123 the Skirmisher (level 5, -3/41 HPs)
             Began as a Demonspawn Abyssal Knight on Aug 15, 2021.
             Was a Believer of Lugonu.
             Slain by a black bear (4 damage)
             ... on level 4 of the Dungeon.
             The game lasted 00:07:52 (3553 turns).

horus123 the Skirmisher (Demonspawn Abyssal Knight) Turns: 3553, Time: 00:07:52

Health: -3/41      AC: 12    Str: 14    XL:     5   Next: 79%
Magic:  7/7        EV:  6    Int: 13    God:    Lugonu [**....]
Gold:   128        SH:  5    Dex: 12    Spells: 4/6 levels left

rFire    . . .     SeeInvis .   a - +1 falchion
rCold    . . .     Faith    .   (no shield)
rNeg     . . .     Spirit   .   j - +0 plate armour
rPois    .         Reflect  +   (no helmet)
rElec    .         Harm     .   (no cloak)
rCorr    .         Rampage  .   i - +0 pair of gloves
Will     .....                  (no boots)
Stlth    ..........             d - amulet of reflection
HPRegen  0.13/turn              (no ring)
MPRegen  0.10/turn              (no ring)

@: studying Evocations
A: repulsion field 1, powered by death 1, demonic magic 1
a: Renounce Religion, Depart the Abyss, Bend Space


You were on level 4 of the Dungeon.
You worshipped Lugonu.
Lugonu was pleased with you.
You visited 1 branch of the dungeon, and saw 4 of its levels.
You visited the Abyss 1 time.

You collected 128 gold pieces.

Inventory:

Hand Weapons
 a - a +1 falchion (weapon)
Armour
 b - a +0 leather armour
 i - a +0 pair of gloves (worn)
 j - a +0 plate armour (worn)
Jewellery
 d - an amulet of reflection (around neck)
Potions
 c - a potion of degeneration {unknown}
 e - 3 potions of flight
 f - a potion of might
 g - 2 potions of brilliance
 h - a potion of mutation
 k - a potion of haste {unknown}
 l - a potion of cancellation {unknown}


   Skills:
 + Level 3.5 Fighting
 + Level 3.4 Long Blades
 + Level 2.2 Armour
 + Level 2.7 Dodging
 + Level 0.7 Stealth
 * Level 1.4 Spellcasting
 + Level 3.1 Invocations


You had 4 spell levels left.
You knew the following spells:

 Your Spells              Type           Power      Damage    Failure   Level
a - Static Discharge      Conj/Air       0%         N/A       100%        2

Your spell library contained the following spells:

 Spells                   Type           Power      Damage    Failure   Level
 Pain                     Necr           0%         1d4       100%        1
 Slow                     Hex            0%         N/A       100%        2
 Confusing Touch          Hex            0%         N/A       100%        3
 Vampiric Draining        Necr           0%         2d6       100%        3
 Agony                    Necr           0%         N/A       100%        5
 Excruciating Wounds      Necr           0%         N/A       100%        5
 Lightning Bolt           Conj/Air       0%         1d11      100%        5
 Maxwell's Capacitive Co  Air            0%         ∞         100%        8


Dungeon Overview and Level Annotations

Branches:
Dungeon (4/15)
 Temple: D:4-7

Altars:
Elyvilon
Gozag
Okawaru


Innate Abilities, Weirdness & Mutations

You are surrounded by a mild repulsion field. (EV +2)
You regenerate a little health from kills.
Spells you cast may paralyse adjacent enemies.


Message History

You hit the black bear but do no damage.
The black bear is moderately wounded.
The black bear bites you but does no damage.
You block the black bear's attack.
The black bear claws you but does no damage.
You hit the black bear.
The black bear is heavily wounded.
The black bear bites you! The black bear completely misses you.
You block the black bear's attack.
You hit the black bear.
The black bear is severely wounded.
The black bear barely misses you.
You riposte.
You hit the black bear but do no damage.
The black bear is severely wounded.
The black bear claws you but does no damage. x2
You hit the black bear.
The black bear is severely wounded.
The black bear goes berserk!
You closely miss the black bear.
The black bear is severely wounded.
The black bear bites you. The black bear claws you.
* * * LOW HITPOINT WARNING * * *
The black bear claws you.
* * * LOW HITPOINT WARNING * * *
You block the black bear's attack. The black bear claws you.
* * * LOW HITPOINT WARNING * * *
The black bear barely misses you.
You hit the black bear.
The black bear is almost dead.
The black bear bites you.
* * * LOW HITPOINT WARNING * * *
The black bear claws you but does no damage. x2
The black bear bites you but does no damage.
The black bear claws you.
* * * LOW HITPOINT WARNING * * *
The black bear claws you but does no damage.
You barely miss the black bear.
The black bear is almost dead.
The black bear bites you.
You die...

... ###.! ..##. #####
..##...... ..... ..#..
.......... #...#
...>##......... #...##
..#.............
..#..####.# #...........#.
......#...#.##............
................@h........
#............##.........? #
>..........## ###......#..#
........#...### #......#...
......####....###..........
......####)................
........).).####)##.^....#
.........##.## ###...#..##
........##...#####..###..#


You could see a black bear (berserk).

Vanquished Creatures
  A bullfrog (D:4)
  An orc priest (D:4)
  An orc wizard (D:4)
  5 adders
  An adder skeleton (D:4)
  2 worms (D:2)
  A dart slug (D:2)
  6 orcs (D:4)
  4 ball pythons
  4 bats
  4 endoplasms
  3 giant cockroaches
  6 goblins
  2 hobgoblins (D:1)
  4 jackals (D:3)
  5 quokkas
  4 frilled lizards
  2 kobolds
  3 rats
59 creatures vanquished.

Vanquished Creatures (others)
  4 toadstools (D:1)
4 creatures vanquished.

Grand Total: 63 creatures vanquished

Notes
Turn   | Place    | Note
-------+----------+-------------------------------------------
     0 | Abyss:1  | horus123 the Demonspawn Abyssal Knight began the quest for
                  | the Orb.
     0 | Abyss:1  | Reached XP level 1. HP: 18/18 MP: 2/2
    77 | Abyss:1  | Noticed a quasit
    78 | D:1      | Escaped the Abyss
   180 | D:1      | Reached skill level 1 in Dodging
   649 | D:1      | Reached * piety under Lugonu
   654 | D:1      | Gained mutation: You regenerate a little health from kills.
                  | [demonic ancestry]
   654 | D:1      | Reached XP level 2. HP: 16/24 MP: 4/4
  1128 | D:1      | Found a faded altar of an unknown god.
  1339 | D:2      | Gained mutation: You are surrounded by a mild repulsion
                  | field. (EV +2) [demonic ancestry]
  1339 | D:2      | Reached XP level 3. HP: 11/29 MP: 5/5
  2016 | D:2      | Learned a level 2 spell: Static Discharge
  2658 | D:3      | Identified a scroll of acquirement
  2658 | D:3      | Acquired a manual of Evocations
  2735 | D:3      | Reached XP level 4. HP: 35/35 MP: 6/6
  2739 | D:3      | Found an opulent altar of Gozag.
  3197 | D:3      | Reached ** piety under Lugonu
  3203 | D:3      | Found an iron altar of Okawaru.
  3378 | D:4      | Noticed a bullfrog
  3381 | D:4      | Killed a bullfrog
  3382 | D:4      | Reached skill level 1 in Spellcasting
  3382 | D:4      | Gained mutation: Spells you cast may paralyse adjacent
                  | enemies. [demonic ancestry]
  3382 | D:4      | Reached XP level 5. HP: 35/41 MP: 7/7
  3532 | D:4      | Noticed a black bear
  3552 | D:4      | HP: 1/41 [black bear (2)]
  3553 | D:4      | Slain by a black bear

Illustrated notes

Levels and vault maps discovered:
D:1:      ldierk_walled_garden_2, layout_loops_corners,
          chequers_ecumenical_altar_simple_redux
D:2:      layout_loops_corners, minivault_11, kennysheep_cluttered_room,
          kennysheep_doodads
D:3:      layout_loops_ring, overflow_temple_1_default, minitemple
D:4:      minmay_opposing_rooms, layout_cave_pools, kennysheep_mini_moat,
          kennysheep_generic_room_2

Skill      XL: |  1  2  3  4 |
---------------+-------------+-----
Dodging        | 1 2 |  2.7
Long Blades    | 2 3 |  3.4
Invocations    | 3 |  3.1
Armour         | 2 |  2.2
Spellcasting   | 1 |  1.4
Fighting       | |  3.5
Stealth        | |  0.7

Action                   |  1- 3 |  4- 6 || total
-------------------------+-------+-------++-------
Melee: Falchion          |   108 |    54 ||   162
 Cast: Static Discharge  |       |     3 ||     3
Invok: Depart the Abyss  |     1 |       ||     1
  Use: Scroll            |     9 |     1 ||    10
       Potion            |     1 |     1 ||     2
 Stab: Sleeping          |       |     1 ||     1
       Paralysed         |       |     1 ||     1
Armor: Leather armour    |    32 |    10 ||    42
       Plate armour      |       |    14 ||    14
       Skin              |       |     2 ||     2
Dodge: Dodged            |    82 |    45 ||   127
Block: Other             |     5 |    14 ||    19
       Rpst.: Falchion   |    29 |    11 ||    40
